 Dungeon Crawl Stone Soup version bcrawl-1.21.3 (webtiles) character file.

Game seed: 2806977362682078955

27 Flugslaktarn the Sneak (level 2, -5/18 HPs)
             Began as a Skeleton Archaeologist on Mar 28, 2020.
             Slain by Terence
             ... wielding a +0 flail
              (9 damage)
             ... on level 2 of the Dungeon.
             The game lasted 00:00:52 (1548 turns).

Flugslaktarn the Sneak (Skeleton Archaeologist)     Turns: 1548, Time: 00:00:52

Health: -5/18      AC:  8    Str: 16 (17) XL:     2   Next: 93%
Magic:  0/2        EV: 12    Int: 10 (12) God:
Gold:   118        SH:  0    Dex:  7      Spells: 1/1 levels left

rFire    . . .     SeeInvis .   a - +0 whip
rCold    + . .     Gourm    .   (no shield)
rNeg     + + +     Faith    .   b - +1 robe
rPois    ∞         Spirit   +   c - +1 hat
rElec    .         Reflect  .   j - +0 cloak
rCorr    .         Harm     .   g - +0 pair of gloves
MR       .....                  d - +1 pair of boots
Stlth    ++........             (no amulet)
HPRegen  0.06/turn              (no ring)
MPRegen  0.08/turn              (no ring)

@: no status effects
A: no food or potions, cold resistance 1, deterioration 1, negative energy
resistance 3, torment resistance, unbreathing, magic shield, sturdy frame 1,
spell healing
a: no special abilities


You were on level 2 of the Dungeon.
You were not hungry.

You visited 1 branch of the dungeon, and saw 2 of its levels.

You collected 118 gold pieces.

Inventory:

Hand Weapons
 a - a +0 whip (weapon)
Armour
 b - a +1 robe (worn)
 c - a +1 hat (worn)
 d - a +1 pair of boots (worn)
 g - a +0 pair of gloves (worn)
   (You found it on level 1 of the Dungeon)
 j - a +0 cloak (worn)
   (You found it on level 1 of the Dungeon)
Scrolls
 e - a scroll of magic mapping
 h - a scroll of remove curse {unknown}
 i - a scroll of enchant weapon {unknown}
 k - a scroll of teleportation {unknown}
 l - 2 scrolls of identify {unknown}
 m - 2 scrolls of fog {unknown}
Miscellaneous
 f - a dusty tome


   Skills:
 * Level 2.4 Fighting
 - Level 1.2 Maces & Flails
 + Level 1.4 Armour
 - Level 3.0 Dodging
 - Level 3.6 Stealth


You had one spell level left.
You didn't know any spells.
Your spell library was empty.

Dungeon Overview and Level Annotations

Branches:
Dungeon (2/12)

Altars:

Annotations:
D:2 Terence


Innate Abilities, Weirdness & Mutations

You do not eat or drink.
You are immune to poison.
Your flesh is cold resistant. (rC+)
Your body sometimes deteriorates upon taking damage.
You are immune to negative energy. (rN+++)
You are immune to unholy pain and torment.
You can survive without breathing.
When hurt, damage is shared between your health and your magic reserves.
Your movements are slightly less encumbered by armour. (ER -2)
Casting spells heals you.


Message History

You are too injured to fight recklessly!
You are too injured to fight recklessly!
You are too injured to fight recklessly!
You are too injured to fight recklessly!
You are too injured to fight recklessly!
You are too injured to fight recklessly!
You are too injured to fight recklessly!
You are too injured to fight recklessly!
You are too injured to fight recklessly!
You are too injured to fight recklessly!
You are too injured to fight recklessly!
You are too injured to fight recklessly!
You closely miss Terence.
Terence is lightly wounded.
Terence closely misses you.
You hit Terence but do no damage.
Terence is lightly wounded.
Terence hits you with a +0 flail!
Ouch! That really hurt!
You die...

###### #.##.#
#.##@# #.(.@#
#.###########
#........)..#
#..########.#
#..# #.# #..#
#.# #..# #.#
#..# #.# #..#
#.#


You could see Terence.

Vanquished Creatures
  A dart slug (D:2)
  A leopard gecko (D:1)
  2 bats
  2 giant cockroaches (D:1)
  A goblin (D:1)
  A hobgoblin (D:1)
  3 jackals (D:1)
  A ball python (D:1)
  3 frilled lizards
  4 kobolds
  5 rats (D:1)
24 creatures vanquished.

Notes
Turn   | Place    | Note
-------+----------+-------------------------------------------
     0 | D:1      | Flugslaktarn the Skeleton Archaeologist began the quest for
                  | the Orb.
     0 | D:1      | Reached XP level 1. HP: 12/12 MP: 1/1
     8 | D:1      | Noticed a dwarf
    10 | D:1      | Noticed an elf
    12 | D:1      | Noticed a ghoul
    14 | D:1      | Noticed a naga
    16 | D:1      | Noticed a dwarf
    18 | D:1      | Noticed an octopode
    18 | D:1      | Noticed a vampire
    20 | D:1      | Noticed a gargoyle
    20 | D:1      | Noticed a formicid
    20 | D:1      | Noticed a dwarf
    22 | D:1      | Noticed a human
    22 | D:1      | Noticed a minotaur
    22 | D:1      | Noticed an elf
    24 | D:1      | Noticed a vampire
    24 | D:1      | Noticed a dwarf
    26 | D:1      | Noticed a spriggan
   414 | D:1      | Reached XP level 2. HP: 12/17 MP: 2/2
   545 | D:1      | Reached skill level 1 in Armour
  1212 | D:2      | Noticed Terence
  1548 | D:2      | Slain by Terence

Skill      XL: |  1  2 |
---------------+-------+-----
Armour         | 1 |  1.4
Fighting       | 2 |  2.4
Maces & Flails | |  1.2
Dodging        | |  3.0
Stealth        | |  3.6

Action                   || total
-------------------------++-------
Melee: Whip              ||   117
 Stab: Sleeping          ||     3
Armor: Robe              ||    46
Dodge: Dodged            ||    90
